 Dungeon Sprint DCSS version 0.04.2-19-ga012a504bd (webtiles) character file.

Game seed: 3116524578729994363, levelgen mode: deterministic

1887 diana the Thaumaturge (level 8, 0/41 HPs) Deep Elf Fire Elementalist. Began on May 23, 2021. Was a High Priest of Vehumet. Killed from afar by an ogre mage (17 damage) ... with a bolt of poison ... in the Dungeon (Sprint V: "Ziggurat Sprint"). The game lasted 00:03:36 (389 turns).

diana the Thaumaturge (Deep Elf Fire Elementalist)   Turns: 389, Time: 00:03:37

Health: 0/41       AC:  4    Str:  6    XL:     8 ^: 101
Magic:  15/28      EV: 13    Int: 28    God:    Vehumet [5* [129]]
Gold:   0          SH:  0    Dex: 15    Spells: 22/36 levels left

rFire    . . .     Vision   .   L - +5 wizard's staff of transmutation
rCold    . . .     Gourm    .   (no weapon)
rNeg     . . .     Faith    .   G - +2 robe of the Kettle-Drum {MR++ Str-4}
rPois    .         Spirit   .   (no helmet)
rElec    .         Reflect  .   (no cloak)
rCorr    .         Harm     .   (no gloves)
MR       ++...     NoTele   +   (no boots)
Stlth    ++........             (no amulet)
HPRegen  0.23/turn              x - ring of strength
MPRegen  0.38/turn              v - ring of intelligence

@: lethally poisoned (0 -> -22), very slightly contaminated
A: no striking features
a: Renounce Religion


You were in the Dungeon.
You worshipped Vehumet.
Vehumet was extremely pleased with you.
You were not hungry.

You visited 1 branch

Inventory:

Weapons
 l - the +7 great mace "Firestarter" {inner flame, rF++}
   (You found it in the Dungeon)

   Its malleable surface is completely molten, allowing it to meld around and
   partially ignore armour.
   Causes less base damage than a standard weapon; but partially ignores enemy's
   defense and burns causing additional damage to those that don't resist heat.
   It greatly protects you from fire.
 E - the +7 mace of Variability {chain chaos}
   (You found it in the Dungeon)

   Each time it hits an enemy it has a different, random effect.
Armour
 a - a +0 robe
 C - the +15 Maxwell's patent armour {-Cast -Tele rElec MR+ rCorr}
   (You found it in the Dungeon)

   It insulates you from electricity.
   It affects your resistance to hostile enchantments.
   It prevents spellcasting.
   It prevents most forms of teleportation.
   It provides partial protection from all sources of acid and corrosion.
 G - the +2 robe of the Kettle-Drum (worn) {MR++ Str-4}
   (You found it in the Dungeon)

   It affects your strength (-4).
   It affects your resistance to hostile enchantments.
Magical Staves
 D - the +6 Majin-Bo {vampiric, corrupt archmagi; MP+6 Int+6}
   (You found it in the Dungeon)

   [staff of ]

   Base accuracy: +5 Base damage: 5 Base attack delay: 1.2 This weapon's minimum
   attack delay (0.6) is reached at skill level 12.
   The minimum and maximum damage of damaging spells cast with this staff are
   significantly increased.
   It falls into the 'Staves' category.
   It is one handed.
   Its enchantment grants additive spellpower to the spells it enhances.
 L - a +5 wizard's staff of transmutation (weapon)
Jewellery
 t - an uncursed ring of dexterity
 u - an uncursed ring of dexterity
 v - a ring of intelligence (right hand)
 w - an uncursed ring of intelligence
 x - a ring of strength (left hand)
 y - an uncursed ring of strength
 H - the ring "Qouqarr" {*Contam MP+9 Dex+5}
   (You found it in the Dungeon)

   [ring of magical power]

   It affects your dexterity (+5).
   It affects your magic capacity (+9).
   It causes magical contamination when unequipped.
 I - an uncursed ring of protection from magic
Wands
 z - a wand of disintegration (7)
 A - a wand of iceblast (7)
 B - a wand of acid (7)
Scrolls
 i - 4 scrolls of blinking
 o - 4 scrolls of amnesia
 p - 7 scrolls of fog
 q - a scroll of holy word
 r - 5 scrolls of bless item
 s - 2 scrolls of fear
 J - 4 scrolls of enchantment
Potions
 b - 2 potions of brilliance
 d - 11 potions of curing
 e - 9 potions of heal wounds
 f - 6 potions of haste
 g - 7 potions of magic
 h - 2 potions of berserk rage
 j - 2 potions of invisibility
 k - 4 potions of resistance
 m - 5 potions of agility
 n - 5 potions of might
Miscellaneous
 F - a crystal ball of energy
Comestibles
 c - 7 rations
 K - 3 chunks of flesh


   Skills:
 + Level 11.5 Maces & Staves
 - Level 2.4 Dodging
 - Level 2.4 Stealth
 + Level 14.7 Spellcasting
 + Level 12.8 Fire Magic


You had 22 spell levels left.
You knew the following spells:

 Your Spells              Type           Power        Failure   Level  Hunger
a - Foxfire               Fire           25 (25)      0%          1    None
b - Fireball              Fire           75 (200)     1%          5    None
c - Ignition              Fire           75 (200)     22%         8    #######

Your spell library contained the following spells:

 Spells                   Type           Power        Failure   Level  Hunger
 Flame Tongue             Fire           30 (30)      0%          1    None
 Searing Ray              Fire           50 (50)      0%          2    None
 Beastly Appendage        Tmut           45 (50)      1%          1    None
 Freeze                   Ice            20 (25)      1%          1    None
 Shock                    Air            20 (25)      1%          1    None
 Sticks to Snakes         Tmut           45 (100)     1%          2    None
 Conjure Flame            Fire           75 (100)     1%          3    None
 Ignite Poison            Fire/Tmut      86 (100)     1%          3    None
 Inner Flame              Hex/Fire       54 (100)     1%          3    None
 Sticky Flame             Fire/Pois      54 (100)     1%          4    None
 Static Discharge         Air            20 (100)     2%          3    None
 Stone Arrow              Erth           20 (50)      2%          3    None
 Scorpion Form            Tmut/Pois      45 (200)     3%          3    None
 Snakes to Sticks         Hex/Tmut       45 (100)     3%          3    None
 Force Lance              Tloc/Air       20 (200)     7%          4    None
 Mephitic Cloud           Pois/Air       20 (100)     8%          3    None
 Ice Form                 Ice/Tmut       45 (100)     10%         4    None
 Blade Hands              Tmut           45 (200)     26%         5    None
 Silence                  Hex/Air        20 (200)     56%         5    None
 Iskenderun's Icy Sphere  Ice            20 (200)     99%         7    #####..


Dungeon Overview and Level Annotations

Branches:
Dungeon (1/1)

Altars:
Ashenzari
Cheibriados
Dithmenos
Elyvilon
Fedhas Madash
Gozag Ym Sagoz
Hepliaklqana
Kikubaaqudgha
Makhleb
Nemelex Xobeh
Okawaru
Qazlal
Ru
Sif Muna
Trog
Uskayaw
Vehumet
Wu Jian
Xom
Yredelemnul
Zin
The Shining One Bahamut & Tiamat
Beogh
Jiyva
Lugonu


Message History

The vault guard is heavily wounded. (30/67) HP The fireball engulfs the necromancer (24)!!
You kill the necromancer!
Vehumet accepts your kill.
You feel your power returning.
You feel sick. (1)
The ogre mage points at you and mumbles some strange words.
The bolt of poison misses you.
Casting: Fireball (safe; 1% risk of failure)
Confirm with . or Enter, or press ? or * to list all spells.
Aiming: Fireball (safe; 1% risk of failure)
Press: ? - help, Shift-Dir - straight line, f - vault guard, p - vault guard
Aim: a vault guard, wielding a +3 long sword, wearing a cursed +0 chain mail {(Curse: Dex-5)}, wearing a +0 scutum and wearing an uncursed ring of dexterity (moderately wounded (41/64), bound soul)
You miscast Fireball.
You are very lightly contaminated with residual magic.
Lukewarm flames ripple over your body. The ogre mage casts a spell at you.
The bolt of poison hits you (17)!
You are lethally poisoned!
You die...

▓..:....▓
▓..}:)..▓
▓....)..▓
▓..Opp..▓
▓...p...▓
▓.......▓
▓.......▓
▓...@...▓
▓▓▓▓▓▓▓▓▓


You could see 3 vault guards and an ogre mage.

Vanquished Creatures
  Erolcha (D)
  A necromancer (D)
  Sigmund (D)
  A slime creature (D)
  A hell hound (D)
  A water moccasin (D)
  Duvessa (D)
  Blork the orc (D)
  A quasit (D)
  Jessica (D)
  A shadow imp (D)
  2 adders (D)
  A white imp (D)
  An adder simulacrum (D)
  An adder skeleton (D)
  4 ball pythons (D)
20 creatures vanquished.

Vanquished Creatures (others)
  A spatial maelstrom (D)
1 creature vanquished.

Grand Total: 21 creatures vanquished

Notes
Turn   | Place    | Note
-------+----------+-------------------------------------------
     0 | D        | diana the Deep Elf Fire Elementalist began the quest for
                  | the Orb.
     0 | D        | Reached XP level 1. HP: 10/10 MP: 6/6
     0 | D        | Found a shimmering blue altar of Sif Muna.
     0 | D        | Found a sacrificial altar of Ru.
     0 | D        | Found a bloodstained altar of Trog.
     0 | D        | Found a stormy altar of Qazlal.
     0 | D        | Found an iron altar of Okawaru.
     0 | D        | Found a sparkling altar of Nemelex Xobeh.
     0 | D        | Found a blossoming altar of Fedhas.
     1 | D        | Found the +6 Majin-Bo {vampiric, corrupt archmagi; MP+6
                  | Int+6}
     1 | D        | Found the +9 ballista "Sniper" {velocity, Acc+∞ +Vis}
     1 | D        | Found the +10 dark maul {crush}
     1 | D        | Found the +15 Maxwell's patent armour {-Cast -Tele rElec
                  | MR+ rCorr}
     1 | D        | Found the +18 shield of the Gong {rElec rN+ MR+ EV-5}
     1 | D        | Found the +14 obsidian axe {chop, +Fly +Vis Soulbond}
     1 | D        | Found the +7 great mace "Firestarter" {inner flame, rF++}
     1 | D        | Found the +6 shillelagh "Devastator" {shatter}
     1 | D        | Found the +11 plutonium sword {*Contam Stlth-}
     1 | D        | Found the +8 lance "Wyrmbane" {slay drac, rPois rF+ rC+
                  | AC+3}
     1 | D        | Found the +9 sword of Zonguldrok {reap}
     1 | D        | Found the +13 scythe of Curses {drain, Soulbond}
     1 | D        | Found the +0 sword of Power
     1 | D        | Found the +7 mace of Variability {chain chaos}
     1 | D        | Found the +7 Singing Sword {slice, sonic wave}
     1 | D        | Found the +8 storm bow {elec, penet}
     2 | D        | Found a transporter.
     2 | D        | Found an ancient bone altar of Kikubaaqudgha.
     2 | D        | Found a viscous altar of Jiyva.
     2 | D        | Found a corrupted altar of Lugonu.
     2 | D        | Found a hazy altar of Hepliaklqana.
     2 | D        | Found a burning altar of Makhleb.
     2 | D        | Found an opulent altar of Gozag.
    29 | D        | Banished a spatial maelstrom
    74 | D        | Became a worshipper of Vehumet
    87 | D        | Reached skill level 6 in Spellcasting
    87 | D        | Reached skill level 5 in Fire Magic
    87 | D        | Reached XP level 2. HP: 15/15 MP: 7/11
   137 | D        | Entered arena 2.
   137 | D        | Found a transporter.
   144 | D        | Got Gelefod's Compendium of the Volcanoes
   150 | D        | Entered arena 3.
   150 | D        | Noticed a water moccasin
   150 | D        | Found a transporter.
   152 | D        | Killed a water moccasin
   152 | D        | Reached * piety under Vehumet
   152 | D        | Offered knowledge of Freeze by Vehumet.
   152 | D        | Reached skill level 8 in Spellcasting
   152 | D        | Reached XP level 3. HP: 19/19 MP: 12/15
   152 | D        | Reached XP level 4. HP: 24/24 MP: 12/16
   161 | D        | Got the +2 robe of the Kettle-Drum {MR++ Str-4}
   163 | D        | Got the ring "Qouqarr" {*Contam MP+9 Dex+5}
   244 | D        | Entered arena 4.
   244 | D        | Noticed a hell hound
   244 | D        | Found a transporter.
   246 | D        | Offered knowledge of Shock by Vehumet.
   246 | D        | Reached ** piety under Vehumet
   246 | D        | Reached skill level 9 in Spellcasting
   246 | D        | Reached XP level 5. HP: 28/28 MP: 16/18
   248 | D        | Killed a hell hound
   248 | D        | Offered knowledge of Stone Arrow by Vehumet.
   248 | D        | Reached skill level 10 in Spellcasting
   248 | D        | Reached XP level 6. HP: 28/32 MP: 19/21
   277 | D        | Learned a level 5 spell: Fireball
   279 | D        | Entered arena 5.
   279 | D        | Found a transporter.
   281 | D        | Reached *** piety under Vehumet
   283 | D        | Offered knowledge of Force Lance by Vehumet.
   302 | D        | Entered arena 6.
   302 | D        | Noticed Sigmund
   302 | D        | Noticed Jessica
   302 | D        | Noticed Blork the orc
   302 | D        | Noticed Duvessa
   302 | D        | Noticed Erolcha
   302 | D        | Found a transporter.
   305 | D        | Killed Duvessa
   305 | D        | Reached **** piety under Vehumet
   305 | D        | Reached skill level 11 in Spellcasting
   306 | D        | Killed Jessica
   306 | D        | Offered knowledge of Ignite Poison by Vehumet.
   307 | D        | Killed Blork the orc
   307 | D        | Reached skill level 10 in Fire Magic
   310 | D        | Killed Sigmund
   310 | D        | Reached skill level 12 in Spellcasting
   310 | D        | Reached XP level 7. HP: 7/36 MP: 22/24
   312 | D        | Killed Erolcha
   312 | D        | Reached skill level 10 in Maces & Staves
   312 | D        | Reached skill level 13 in Spellcasting
   312 | D        | Reached XP level 8. HP: 25/41 MP: 23/27
   384 | D        | Learned a level 8 spell: Ignition
   385 | D        | Entered arena 7.
   385 | D        | Noticed a vault guard
   385 | D        | Noticed a vault guard
   385 | D        | Noticed a vault guard
   385 | D        | Noticed an ogre mage
   385 | D        | Noticed a necromancer
   387 | D        | Reached ***** piety under Vehumet
   387 | D        | Offered knowledge of Iskenderun's Icy Sphere by Vehumet.
   387 | D        | Reached skill level 14 in Spellcasting
   388 | D        | Killed a necromancer
   389 | D        | Killed from afar by an ogre mage

Levels and vault maps discovered:
D:        sprint_v [room_start, room_1, room_2, room_3, room_4, room_5, room_6,
          room_7, room_8, room_9, room_10, room_11, room_12, room_13, room_14,
          room_15, room_16, room_17, room_18, room_19, room_20, room_21,
          room_22, room_23, room_24, room_25, room_26, room_27]

Skill      XL: |  1  2  3  4  5  6  7  8 |
---------------+-------------------------+-----
Maces & Staves | 4 6 7 9 10 11 | 11.5
Spellcasting   | 6 8 9 10 12 13 14 | 14.7
Fire Magic     | 5 7 8 9 10 12 | 12.8
Dodging        | |  2.4
Stealth        | |  2.4

Action                   |  1- 3 |  4- 6 |  7- 9 || total
-------------------------+-------+-------+-------++-------
Melee: Great mace        |     3 |    15 |       ||    18
 Cast: Fireball          |       |       |     3 ||     3
  Use: Potion            |     1 |     1 |     1 ||     3
Armor: Plate armour      |     1 |    11 |       ||    12
Dodge: Dodged            |       |    14 |     1 ||    15
